Map: 逐梦之地-天梯版

Players

raptorteam - Winner!

  • Race: Terran Terran
  • League: Platinum

cll

  • Race: Zerg Zerg
  • League: Platinum

VOD

Have the link to the VOD?

Description

Time

  • Played on: Sept. 16, 2018, 1:28 a.m.
  • Length: 22:23
Show
View Real Time Build Order
Export as new Build Order

raptorteam Terran - Winner!

Build Orders: Liberator Opening, MMM Bio 

Get SALT Encoding   

  12  0:03  SCV  
  13  0:15  SCV  
  13  0:18  Supply Depot  
  14  0:28  SCV  
  15  0:40  SCV  
  15  0:41  Barracks  
  16  0:44  Refinery  
  16  0:52  SCV  
  17  1:01  Refinery  
  17  1:04  SCV  
  18  1:16  SCV  
  19  1:28  Reaper  
  19  1:29  Orbital Command  
  20  1:48  Factory  
  20  1:52  Supply Depot  
  20  1:54  SCV  
  20  2:00  Barracks  
  21  2:06  SCV  
  21  2:08  Barracks Tech Lab  
  22  2:18  SCV  
  23  2:27  Marine  
  23  2:28  Stimpack  
  24  2:30  SCV  
  24  2:35  Starport  
  24  2:36  Factory Reactor  
  25  2:45  Marine  
  25  2:49  Barracks Reactor  
  26  2:53  SCV  
  27  3:03  Supply Depot  
  27  3:04  Marine  
  28  3:07  SCV  
  29  3:21  Medivac  
  29  3:24  Medivac, Marine  
  29  3:25  Marine  
  29  3:26  Marine  
  36  3:29  Supply Depot  
  36  3:33  Factory Tech Lab  
  35  3:44  Command Center  
  35  3:46  Marine  
  35  3:47  Liberator  
  35  3:48  Marine  
  37  3:51  Marine  
  38  4:04  Marine  
  38  4:07  Marine  
  38  4:09  Marine  
  44  4:17  SCV  
  44  4:22  Marine  
  46  4:27  Marine  
  47  4:37  Supply Depot  
  47  4:46  Marine  
  47  4:47  Marine  
  47  4:55  Siege Tank, Marine  
  51  5:27  Medivac x2, Marine x2  
  51  5:28  Combat Shields  
  51  5:35  Supply Depot  
  51  5:38  SCV  
  51  5:41  Siege Tank  
  55  5:44  Engineering Bay  
  55  5:45  Supply Depot  
  55  5:47  Supply Depot  
  55  5:50  SCV, Orbital Command  
  56  6:03  SCV  
  54  6:15  SCV, Marine x2  
  57  6:18  SCV  
  58  6:25  Terran Infantry Weapons Level 1  
  58  6:27  SCV, Marine  
  58  6:28  Medivac  
  58  6:30  SCV  
  63  6:34  Supply Depot  
  63  6:39  SCV  
  64  6:43  SCV  
  64  6:45  Marine  
  66  6:51  SCV  
  67  6:55  SCV  
  67  6:56  Marine  
  67  6:57  Siege Tank, Marine  
  73  7:02  Refinery  
  73  7:03  SCV, Refinery, Marine  
  73  7:07  SCV  
  73  7:08  Command Center  
  76  7:09  Medivac  
  76  7:14  Marine x2  
  76  7:15  SCV  
  81  7:19  SCV, Engineering Bay  
  82  7:25  Marine  
  82  7:27  SCV  
  84  7:31  SCV  
  84  7:32  Marine  
  81  7:59  Marine x3  
  81  8:00  Medivac x2, Siege Tank  
  87  8:13  Terran Infantry Armor Level 1  
  87  8:17  Marine x3  
  87  8:19  Supply Depot  
  90  8:21  Orbital Command, Supply Depot  
  90  8:22  Armory  
  90  8:25  Barracks  
  90  8:30  Medivac  
  90  8:32  Siege Tank  
  95  8:35  Marine x3  
  98  8:53  Marine  
  95  9:07  Medivac x2  
  95  9:08  SCV  
  98  9:10  Terran Infantry Weapons Level 2  
  98  9:24  Orbital Command  
  98  9:29  Marine x2  
  100  9:31  Barracks Reactor  
  91  9:47  Marine x3  
  94  9:55  Refinery  
  94  9:57  SCV x2  
  94  9:58  Sensor Tower  
  94  9:59  Refinery  
  96  10:00  Siege Tank  
  96  10:01  Medivac x2  
  96  10:05  Marine x3  
  100  10:22  Marine  
  101  10:28  SCV  
  101  10:29  SCV x2  
  101  10:31  Medivac, Missile Turret  
  101  10:32  Siege Tank  
  101  10:34  Terran Vehicle Weapons Level 1  
  109  10:36  Missile Turret  
  109  10:41  SCV  
  111  10:42  SCV  
  111  10:43  SCV, Command Center  
  112  10:51  Marine  
  112  10:52  Marine  
  112  10:53  SCV  
  112  10:54  SCV  
  112  10:56  SCV  
  117  11:04  Siege Tank  
  117  11:05  SCV  
  121  11:14  Sensor Tower  
  121  11:15  Factory  
  121  11:21  Marine x2  
  121  11:22  Marine x3  
  126  11:36  Siege Tank  
  126  11:39  Marine x4  
  123  11:55  Medivac x2  
  123  11:58  SCV x2  
  123  11:59  Orbital Command  
  129  12:09  Siege Tank  
  129  12:12  SCV x2  
  129  12:13  SCV  
  129  12:15  Factory Tech Lab, Marine  
  135  12:16  Marine  
  135  12:20  Armory  
  137  12:24  SCV  
  137  12:25  SCV x2, Medivac  
  108  12:37  SCV  
  106  12:41  Siege Tank  
  105  12:55  SCV x3  
  104  13:07  SCV x2, Missile Turret, Refinery  
  104  13:13  SCV, Siege Tank  
  104  13:17  Orbital Command  
  104  13:18  Siege Tank  
  104  13:19  SCV x2, Medivac x2  
  117  13:27  Marine x4  
  117  13:29  Terran Infantry Armor Level 2  
  121  13:36  SCV x3  
  124  13:47  SCV  
  126  13:48  SCV x3  
  126  13:49  Medivac  
  126  13:52  Marine x5  
  126  13:53  Siege Tank  
  138  13:56  Refinery  
  138  13:59  SCV, Factory  
  138  14:00  SCV x3, Refinery  
  142  14:10  Marine x3  
  142  14:11  SCV  
  142  14:12  SCV x2  
  148  14:17  Terran Vehicle Weapons Level 2  
  148  14:19  Supply Depot x2  
  148  14:20  Terran Vehicle And Ship Armor Level 1  
  148  14:21  Terran Infantry Weapons Level 3  
  148  14:27  SCV x3  
  148  14:40  Medivac, Siege Tank, Marine  
  148  14:41  Siege Tank  
  157  14:47  Factory Tech Lab  
  157  14:50  SCV x2  
  159  14:52  Marine x2  
  159  14:53  Medivac  
  159  14:54  Sensor Tower  
  159  14:56  Command Center  
  163  15:11  Marine x2  
  163  15:12  Marine  
  163  15:13  Siege Tank, Marine  
  160  15:18  Sensor Tower  
  160  15:21  SCV  
  160  15:22  SCV x3  
  164  15:39  Supply Depot  
  164  15:44  Supply Depot  
  164  15:46  Supply Depot  
  164  15:55  SCV  
  164  16:00  SCV x2, Medivac x2, Marine x2  
  164  16:02  Supply Depot  
  164  16:03  SCV, Siege Tank, Marine  
  164  16:04  Marine x2  
  172  16:05  Siege Tank x2  
  178  16:12  SCV  
  178  16:15  SCV  
  178  16:16  Orbital Command  
  178  16:18  Marine x2  
  182  16:21  Marine  
  182  16:22  Marine x2  
  185  16:35  Terran Vehicle Weapons Level 3, Siege Tank  
  185  16:36  Marine x2  
  185  16:38  Siege Tank x2, Marine  
  185  16:39  Marine  
  197  16:40  Marine  
  199  16:53  Command Center, Marine  
  200  17:18  Orbital Command, Sensor Tower  
  200  17:19  Refinery  
  200  17:43  Marine x3  
  185  17:46  Viking x2, Siege Tank x3  
  191  17:54  Starport  
  172  18:06  Starport  
  172  18:07  Starport  
  172  18:09  Marine x5  
  172  18:12  Refinery  
  176  18:16  Viking  
  176  18:18  Siege Tank x2  
  182  18:25  Viking  
  182  18:27  Marine x5  
  186  18:34  Starport Reactor  
  186  18:37  Orbital Command  
  186  18:43  Starport Tech Lab  
  186  18:44  Starport Reactor, Marine  
  186  18:45  Marine x4  
  186  18:46  Viking  
  193  18:55  Viking  
  195  19:02  Marine x2  
  182  19:03  Marine x3  
  181  19:16  Terran Ship Weapons Level 1, Viking  
  183  19:17  Terran Infantry Armor Level 3  
  183  19:19  Viking  
  183  19:20  Viking x2, Marine x4  
  183  19:21  Marine  
  194  19:25  Viking  
  196  19:38  Marine x2  
  197  19:44  Marine  
  197  19:45  Siege Tank x2, Marine x2  
  189  19:46  Viking, Siege Tank  
  190  19:56  Marine x2  
  182  20:02  Marine x2  
  179  20:07  SCV  
  180  20:14  Command Center x2  
  180  20:17  Siege Tank  
  180  20:18  Siege Tank x2  
  189  20:24  Marine x5  
  189  20:25  Viking x2  
  169  20:41  Marine x2  
  169  20:42  Marine x3  
  162  20:43  Viking  
  165  20:50  Siege Tank x3  
  168  20:59  Marine x3  
  168  21:00  Marine x2  
  159  21:15  SCV x3  
  159  21:17  Marine x5  
  167  21:18  Viking x2  
  167  21:22  Siege Tank x3  
  180  21:35  Marine x5  
  185  21:53  Marine x5  
  193  22:10  SCV x5  
Show
View Real Time Build Order
Export as new Build Order

cll Zerg 

Build Orders: Hatch First 

Get SALT Encoding   

  12  0:02  Drone  
  13  0:12  Overlord  
  13  0:18  Drone  
  14  0:31  Drone x2  
  16  0:52  Hatchery  
  16  0:56  Drone  
  16  1:20  Spawning Pool  
  16  1:22  Extractor, Drone x2  
  16  1:23  Drone  
  17  1:33  Drone  
  18  1:44  Overlord  
  18  1:56  Drone  
  19  2:08  Queen x2, Zergling x2  
  20  2:10  Zergling x2  
  25  2:22  Drone x2  
  27  2:44  Drone x3  
  27  2:45  Drone  
  31  2:53  Drone x2  
  33  2:58  Drone  
  33  3:00  Queen  
  36  3:11  Overlord  
  36  3:16  Metabolic Boost  
  36  3:32  Zergling x6, Hatchery  
  36  3:33  Zergling x4  
  40  3:38  Lair  
  40  3:43  Baneling Nest  
  39  3:59  Spore Crawler  
  38  4:03  Spore Crawler  
  38  4:04  Drone x4  
  38  4:05  Drone x3  
  44  4:19  Overlord  
  44  4:29  Overlord  
  44  4:36  Baneling x6  
  43  4:52  Queen  
  43  4:53  Drone x2  
  43  4:54  Zergling x6, Drone  
  50  5:25  Drone  
  50  5:26  Drone x6  
  57  5:34  Hatchery  
  56  5:43  Zergling x4  
  55  6:07  Drone x3  
  55  6:08  Overlord x3  
  55  6:09  Overlord  
  58  6:17  Spore Crawler  
  57  6:28  Baneling x4  
  57  6:32  Hydralisk Den  
  57  6:37  Spore Crawler, Centrifical Hooks  
  55  6:42  Extractor  
  55  6:44  Zergling x4  
  55  6:45  Zergling x4, Extractor, Overlord x3  
  55  6:46  Drone x4  
  61  6:52  Evolution Chamber  
  61  6:53  Evolution Chamber  
  59  7:11  Overseer  
  59  7:12  Hydralisk  
  61  7:27  Extractor  
  60  7:33  Drone x4  
  60  7:34  Drone x6  
  60  7:35  Drone x5  
  66  8:06  Zergling x6  
  66  8:07  Zergling x14  
  66  8:08  Zergling x4  
  78  8:26  Zergling x2  
  78  8:27  Zergling x12  
  85  8:36  Spore Crawler  
  84  8:43  Spore Crawler  
  84  8:45  Extractor  
  82  8:49  Infestation Pit  
  81  8:56  Hydralisk Den  
  80  9:13  Zergling x8, Extractor  
  80  9:14  Zergling x14  
  80  9:15  Zergling x2  
  74  9:40  Zergling x4  
  74  9:41  Zergling x12  
  82  9:53  Zergling x12  
  59  10:14  Hydralisk x3  
  59  10:15  Zergling x2  
  59  10:16  Zergling x8  
  59  10:20  Baneling  
  59  10:21  Baneling x16  
  68  10:48  Drone x5  
  68  10:49  Zergling x6, Drone x2  
  79  10:50  Zergling x4  
  79  10:53  Zerg Ground Armor Level 1  
  79  10:54  Zerg Melee Weapons Level 1  
  80  11:04  Zergling x8  
  80  11:05  Zergling x6  
  80  11:10  Hatchery  
  86  11:33  Drone x3, Spine Crawler  
  86  11:34  Drone x8  
  86  11:38  Baneling x8  
  96  11:40  Hydralisk x3  
  103  11:57  Hatchery  
  102  12:10  Zergling x2  
  102  12:11  Zergling x2  
  64  12:30  Hydralisk x5  
  64  12:31  Hydralisk x2  
  64  12:32  Zergling x10  
  79  12:48  Zergling x10  
  76  12:59  Zergling x8  
  78  13:12  Zergling x8  
  82  13:18  Baneling x11  
  82  13:19  Baneling  
  82  13:21  Drone x3  
  82  13:22  Drone x3  
  82  13:26  Hive  
  88  13:35  Spine Crawler  
  88  13:38  Spine Crawler  
  86  13:41  Zergling x6  
  86  13:42  Zergling x12  
  86  13:43  Zergling x2  
  86  13:48  Queen  
  98  13:50  Zerg Ground Armor Level 2  
  98  13:51  Zerg Melee Weapons Level 2  
  98  14:00  Extractor  
  98  14:01  Drone, Spine Crawler  
  98  14:02  Drone x4  
  101  14:03  Zergling x2  
  101  14:07  Overlord x4  
  92  14:34  Zergling x4  
  92  14:35  Zergling x14  
  92  14:36  Zergling x10  
  106  14:51  Zergling x2  
  106  14:52  Zergling x10  
  112  15:03  Zergling x10  
  106  15:19  Zergling x6  
  106  15:20  Zergling x12  
  112  15:26  Ultralisk Cavern  
  111  15:38  Baneling  
  111  15:39  Baneling  
  111  15:40  Baneling x18  
  111  15:41  Hydralisk x2  
  111  15:42  Zergling x6  
  118  15:43  Zergling x12  
  122  16:10  Drone  
  122  16:11  Drone x7  
  127  16:12  Drone x3  
  127  16:18  Overlord x3  
  133  16:21  Chitinous Plating  
  133  16:23  Zerg Ground Armor Level 3  
  133  16:24  Zerg Melee Weapons Level 3  
  133  16:34  Extractor  
  133  16:37  Spine Crawler  
  131  16:50  Ultralisk x2  
  149  17:01  Ultralisk x2  
  110  17:49  Hydralisk  
  110  17:50  Hydralisk x4  
  102  17:51  Ultralisk x3  
  102  17:52  Zergling x2  
  102  17:53  Zergling x2  
  102  18:01  Zergling x2  
  102  18:02  Zergling x4  
  102  18:03  Zergling x2  
  96  18:18  Zergling x2  
  96  18:19  Zergling x10  
  98  19:02  Zergling x10  
  91  19:03  Zergling x14  
  98  19:27  Hatchery  
  98  19:28  Hatchery  
  87  19:54  Zergling x8  
  87  19:55  Zergling x16  
  89  20:12  Zergling x8  
  93  20:25  Zergling x8  
  75  20:43  Ultralisk  
  75  20:44  Zergling x2  
  75  20:45  Zergling x4  
  75  20:59  Zergling x8  
  76  21:05  Zergling x4  
  68  21:37  Zergling x6  
  68  21:38  Zergling x8  
  75  21:54  Zergling x12  
  69  21:55  Zergling x6  
  70  22:03  Zergling x2  
Tags
 
Add a new tag
Caveats
  • Supply blocks, unpowered buildings, or Contaminate may cause inaccurate times.
  • Supply counts are checked every 10 seconds.